 Dungeon Crawl Stone Soup version 0.30-a0-840-ga523dec638 (webtiles) character file.

Game seed: 15112318523377724692

292 cforsyth the Sneak (level 6, -6/38 HPs)
             Began as a Kobold Brigand on Mar 2, 2023.
             Mangled by a phantom (7 damage)
             ... on level 4 of the Dungeon.
             The game lasted 00:04:04 (2626 turns).

cforsyth the Sneak (Kobold Brigand)                 Turns: 2626, Time: 00:04:04

Health: -6/38      AC:  3    Str:  7    XL:     6   Next: 59%
Magic:  6/6        EV: 17    Int:  8    God:
Gold:   175        SH:  0    Dex: 23    Spells: 5/5 levels left

rFire   + + +      SeeInvis .    j - +3 dagger of Yredelemnul, Cursing {venom, rElec rF++ rC+ Int-3 Stlth+}
rCold   + + .      Faith    .    (no shield)
rNeg    . . .      Spirit   .    b - +0 robe
rPois   +          Reflect  .    (no helmet)
rElec   +          Harm     .    c - +0 cloak
rCorr   +          Rampage  .    (no gloves)
Will    .....                    (no boots)
Stlth   ++++++                   (no amulet)
HPRegen 0.26/turn                (no ring)
MPRegen 0.10/turn                (no ring)

@: brilliant, resistant
A: small, no large weapons, nightstalker 3, agile 1
a: no special abilities


You were on level 4 of the Dungeon.
You visited 1 branch of the dungeon, and saw 4 of its levels.

You collected 175 gold pieces.

Inventory:

Hand Weapons
 a - a +2 dagger
 j - the +3 dagger of Yredelemnul, Cursing (weapon) {venom, rElec rF++ rC+ Int-3 Stlth+}
   (You found it on level 2 of the Dungeon)

   Int:       It affects your intelligence (-3).
   rF:        It greatly protects you from fire.
   rC:        It protects you from cold.
   rElec:     It insulates you from electricity.
   Stlth:     It makes you more stealthy.
 t - a +2 short sword of electrocution
Missiles
 d - 9 poisoned darts (quivered)
 e - 3 curare-tipped darts
Armour
 b - a +0 robe (worn)
 c - a +0 cloak (worn)
Wands
 m - a wand of digging (4)
 q - a wand of charming (9)
Scrolls
 g - 4 scrolls of identify
 l - 3 scrolls of immolation


   Skills:
 + Level 4.0 Fighting
 + Level 4.8 Short Blades
 - Level 2.1 Throwing
 + Level 3.7 Dodging
 + Level 6.9 Stealth


You had 5 spell levels left.
You didn't know any spells.
Your spell library contained the following spells:

 Spells                   Type           Power      Damage    Failure   Level
 Dazzling Flash           Conj/Hex       0%         N/A       78%         3
 Iskenderun's Mystic Bla  Conj/Tloc      0%         2d3       99%         4
 Agony                    Necr           0%         N/A       100%        5
 Silence                  Hex/Air        0%         N/A       100%        5
 Starburst                Conj/Fire      0%         6d3       100%        6


Dungeon Overview and Level Annotations

Branches:
Dungeon (4/15)
 Temple: D:4-7

Altars:
Ashenzari

Shops:
D:1 (   D:2 :   D:3 !


Innate Abilities, Weirdness & Mutations

You are small and have problems with some larger weapons.
You are completely attuned to the shadows.
You are agile. (Dex +4, Str/Int -1)


Message History

The phantom attacks as you move away! The phantom closely misses you.
The phantom attacks as you move away!
The phantom hits you but does no damage.
The phantom attacks as you move away! The phantom hits you.
* * * LOW HITPOINT WARNING * * *
The phantom attacks as you move away! The phantom barely misses you.
The goblin seems to regain its courage.
An endoplasm comes into view.
There is a stone staircase leading up here.
The phantom hits you.
* * * LOW HITPOINT WARNING * * *
The phantom blinks!
You blink.
You stop ascending the stairs.
The phantom attacks as you move away! The phantom hits you.
* * * LOW HITPOINT WARNING * * *
A kobold comes into view.
It is wielding a +0 dagger and quivering poisoned darts.
The kobold moves out of view.
Okay, then.
Really quaff the potion of mutation?
You feel extremely strange.
You feel clumsy.
Your toenails lengthen and sharpen.
A pair of horns grows on your head! The phantom barely misses you.
Really quaff the potion of mutation?
You feel extremely strange.
You feel agile.
Your talons dull and shrink into feet.
The horns on your head shrink away.
You feel agile.
The phantom hits you but does no damage.
The phantom attacks as you move away! The phantom hits you.
* * * LOW HITPOINT WARNING * * *
The phantom's inner flame fades away.
The phantom attacks as you move away! The phantom closely misses you.
The goblin's inner flame fades away.
There is a stone staircase leading up here.
The phantom hits you.
* * * LOW HITPOINT WARNING * * *
The phantom blinks!
You blink.
You stop ascending the stairs.
You hit the phantom.
The phantom is lightly damaged.
The phantom hits you!
You die...

*,***,,...*#.# *,**
*,,*,..#..##.# *,*
*****,,,*#.#..##.# *,*
,,,,,,,,**.......# *,*
****,,,****#....§# *,*
*,,,,,,..#.##§# *,*
*,,,****,#.##g# *,*
*,,** *,#.##W# *,*
****,,* *,#...@## *,*
,,,,,,*****,#.#...##
*,*
*,***,,,,**...#....##
*,* *,*
****,*....#.....###.*
,,* *,*.#######......*
* *,**
*>*,..,#.....####* *
,,,**
*,,,...#....##*** *
,,,,*
*,,*##.#...##,,,* *
,,,**
*,,,.....(..#,*,******
*


You could see a phantom and a goblin.

Vanquished Creatures
  A hound (D:3)
  An orc priest (D:3)
  Ijyb (D:3)
  Terence (D:2)
  An iguana (D:3)
  Robin (D:3)
  4 adders
  3 worms
  A dart slug (D:2)
  5 orcs (D:3)
  4 ball pythons (D:1)
  6 endoplasms
  5 giant cockroaches
  15 goblins
  11 hobgoblins
  8 jackals (D:2)
  A quokka (D:3)
  8 bats
  4 frilled lizards
  8 kobolds
  3 rats (D:3)
92 creatures vanquished.

Notes
Turn   | Place    | Note
-------+----------+-------------------------------------------
     0 | D:1      | cforsyth the Kobold Brigand began the quest for the Orb.
     0 | D:1      | Reached XP level 1. HP: 12/12 MP: 1/1
    34 | D:1      | Found Tiabbax's Weapon Emporium.
   159 | D:1      | Reached XP level 2. HP: 18/18 MP: 2/2
   487 | D:1      | Reached XP level 3. HP: 20/22 MP: 3/3
   756 | D:2      | Identified the +3 dagger of Yredelemnul, Cursing {venom,
                  | rElec rF++ rC+ Int-3 Stlth+}
   756 | D:2      | Noticed Terence
   760 | D:2      | Killed Terence
   761 | D:2      | Reached skill level 6 in Stealth
   761 | D:2      | Reached XP level 4. HP: 28/28 MP: 4/4
  1270 | D:2      | Reached XP level 5. HP: 32/32 MP: 5/5
  1452 | D:2      | Found Egoapei's Book Emporium.
  1629 | D:3      | Noticed Robin
  1647 | D:3      | Killed Robin
  1866 | D:3      | Reached XP level 6. HP: 35/38 MP: 6/6
  2111 | D:3      | Noticed Ijyb
  2113 | D:3      | Killed Ijyb
  2114 | D:3      | Found Hudavy's Distillery.
  2278 | D:3      | Found a broken altar of Ashenzari.
  2575 | D:4      | Noticed an ogre
  2618 | D:4      | Gained mutation: You are clumsy. (Dex -2) [potion of
                  | mutation]
  2618 | D:4      | Gained mutation: You have sharp toenails. [potion of
                  | mutation]
  2618 | D:4      | Gained mutation: You have a pair of small horns on your
                  | head. [potion of mutation]
  2619 | D:4      | Lost mutation: You are clumsy. (Dex -2) [potion of
                  | mutation]
  2619 | D:4      | Lost mutation: You have sharp toenails. [potion of
                  | mutation]
  2619 | D:4      | Lost mutation: You have a pair of small horns on your head.
                  | [potion of mutation]
  2619 | D:4      | Gained mutation: You are agile. (Dex +4, Str/Int -1)
                  | [potion of mutation]
  2625 | D:4      | HP: 1/38 [phantom (4)]
  2626 | D:4      | Mangled by a phantom

Illustrated notes

Levels and vault maps discovered:
D:1:      tarquinn_simple_flora_water_f, layout_loops_ring, serial_shops, shop
D:2:      minmay_wonky_spiral, layout_basic, serial_shops, shop,
          grunt_ministairs_8, minmay_worlds_worst_comb, uniq_terence
D:3:      layout_loops_ring, marbit_many_paths, serial_shops, shop_fountains,
          minivault_25, ebering_dispersal_statue_hall, uniq_robin, uniq_ijyb
D:4:      layout_loops_ring, serial_undead, serial_undead_f, serial_undead_a,
          serial_undead_b, serial_undead_e

Skill      XL: |  1  2  3  4  5  6 |
---------------+-------------------+-----
Short Blades   | 3 4 |  4.8
Dodging        | 2 3 |  3.7
Fighting       | 3 4 |  4.0
Stealth        | 6 |  6.9
Throwing       | |  2.1

Action                     |  1- 3 |  4- 6 || total
---------------------------+-------+-------++-------
  Melee: Dagger            |    37 |   132 ||   169
    Use: Scroll            |       |     6 ||     6
         Potion            |       |     6 ||     6
   Stab: Sleeping          |    24 |    38 ||    62
 Armour: Robe              |     2 |    19 ||    21
  Dodge: Dodged            |     4 |    83 ||    87

Table legend: (Time is in decaauts)
 A = Elapsed time spent in this place.
 B = Non-inter-level travel time spent in this place.
 C = Inter-level travel time spent in this place.
 D = Time resting spent in this place.
 E = Time spent auto-exploring this place.
 F = Levels seen in this place.
 G = Mean time per level.
                   A        B        C        D        E       F      G
               +--------+--------+--------+--------+--------+-----+--------+
         Total |   2590 |   2449 |    141 |      0 |   1975 |   4 |  647.5 |
       Dungeon |   2590 |   2449 |    141 |      0 |   1975 |   4 |  647.5 |
               +--------+--------+--------+--------+--------+-----+--------+

Top non-repeatable levels by time:
     D:2: 954 daAuts
     D:3: 923 daAuts
     D:1: 642 daAuts
     D:4: 69 daAuts
